 Dungeon Crawl Stone Soup version 0.16-a0-3770-gc215ce9 (webtiles) character file.

2541 TIT the Archer (level 9, -1/47 HPs)
             Began as a Tengu Arcane Marksman on Jan 24, 2015.
             Was an Elder of Makhleb.
             Slain by a wyvern (16 damage)
             ... on level 8 of the Dungeon.
             The game lasted 01:01:44 (10944 turns).

TIT the Archer (Tengu Arcane Marksman)             Turns: 10944, Time: 01:01:44

Health: -1/47      AC: 13    Str: 12    XL:     9   Next: 55%
Magic:  11/14      EV: 13    Int: 16    God:    Makhleb [****..]
Gold:   311        SH:  0    Dex: 14    Spells: 1 memorised, 9 levels left

rFire  + . .     SeeInvis .     a - +0 flail (protect)
rCold  . . .     Clarity  .     v - +2 ring mail {rF+}
rNeg   . . .     SustAb   .     (no shield)
rPois  .         Gourm    .     (helmet restricted)
rElec  .         Spirit   .     l - +0 cloak
rCorr  .         Warding  .     (no gloves)
rMut   .         Stasis   .     (boots unavailable)
MR     .....                    (no amulet)
Stlth  +.........               (no ring)
                                (no ring)

@: flying quickly and evasively, quick, not resistant to hostile enchantments,
very unstealthy
A: able to fly, beak, talons 3
a: Minor Destruction, Lesser Servant of Makhleb, Major Destruction, Renounce
Religion


You were on level 8 of the Dungeon.
You worshipped Makhleb.
Makhleb was greatly pleased with you.
You were not hungry.

You visited 1 branch of the dungeon, and saw 9 of its levels.
You also visited: Sewer.

You collected 311 gold pieces.

Inventory:

Hand weapons
 a - a +0 flail of protection (weapon)
 b - a +0 shortbow
Missiles
 c - 122 arrows
 x - 14 arrows of flame
Armour
 l - a +0 cloak (worn)
 v - a +2 ring mail of fire resistance (worn)
 y - a +0 buckler
 z - a +4 chain mail
 H - a +2 ring mail of fire resistance
Jewellery
 G - an uncursed ring of fire {unknown}
Scrolls
 e - 2 scrolls of remove curse
 j - a scroll of random uselessness {unknown}
 o - a scroll of teleportation
 p - 2 scrolls of immolation
 q - a scroll of enchant weapon {unknown}
 r - a scroll of noise
 s - a scroll of magic mapping {unknown}
 w - 3 scrolls of enchant armour {unknown}
 B - 3 scrolls of fog {unknown}
 D - a scroll of recharging {unknown}
Potions
 i - 7 potions of curing
 k - a potion of flight
 m - a potion of resistance {unknown}
 n - a potion of mutation {unknown}
 t - a potion of cancellation {unknown}
 u - a potion of brilliance
 C - a potion of restore abilities {unknown}
 I - a potion of lignification {unknown}
 J - a potion of magic {unknown}
Books
 d - a book of Debilitation

   Spells                             Type                      Level
   a - Corona                         Hexes                        1
   b - Slow                           Hexes                        2
   c - Inner Flame                    Hexes/Fire                   3
   d - Enslavement                    Hexes                        4
   e - Cause Fear                     Hexes                        4
   f - Leda's Liquefaction            Hexes/Earth                  4
 F - an Akashic Record {highlevel, unknown}

   This book is beyond your current level of understanding.

   Spells                             Type                      Level
   a - Dispersal                      Translocation                6
   b - Controlled Blink               Translocation                7
   c - Malign Gateway                 Summoning/Translocation      7
   d - Disjunction                    Translocation                8
   e - Singularity                    Translocation                9
Miscellaneous
 g - a lamp of fire (inert)
Comestibles
 f - 4 bread rations
 h - 5 fruits
 A - 6 meat rations
 K - a slice of pizza


   Skills:
 - Level 1.0 Fighting
 + Level 9.7 Maces & Flails
 - Level 10.0 Bows
 - Level 2.1 Dodging
 - Level 1.0 Spellcasting
 - Level 2.1 Hexes


You had 9 spell levels left.
You knew the following spells:

 Your Spells              Type           Power        Failure   Level  Hunger
a - Corona                Hex            #......      24%         1    ##.....


Dungeon Overview and Level Annotations

Branches:
Dungeon (9/15)             Temple (0/1) D:5
   Lair: D:8-11         Orc: D:9-12

Altars:
Ashenzari
Elyvilon
Gozag
Makhleb
Sif Muna

Annotations:
D:3 Menkaure
D:4 Duvessa


Innate Abilities, Weirdness & Mutations

You can fly.
You have a beak for a mouth.
You have claws for feet.


Message History

A wyvern comes into view.
Use which ability? (? or * to list)
You swoop lightly up into the air.
You feel somewhat more hungry.
The wyvern bites you but does no damage.
You sock the wyvern!
The wyvern is heavily wounded.
The wyvern bites you. The wyvern closely misses you.
You barely miss the wyvern. Your kick misses the wyvern.
The wyvern is heavily wounded.
The wyvern bites you but does no damage.
You closely miss the wyvern. Your kick misses the wyvern.
The wyvern is heavily wounded.
The wyvern bites you!
You hit the wyvern. You claw the wyvern. Your peck misses the wyvern.
The wyvern is severely wounded.
The wyvern bites you! The wyvern bites you.
You hit the wyvern.
The wyvern is almost dead.
The wyvern bites you!
You die...

.............. ..
.............. ...
#............# .....
#............# ......
#...........#
......##...........#
.......#..#......(.#
.......D#..#........#
........@.###......##
..........# #......#
.........# ##.....#
.........# #.)...#
.........# ##.)..##
........# #.....##
#......# ##.#...#
###...# ###...# #...
##...#


You could see a wyvern.

Vanquished Creatures
  5 ogres
  A phantom (D:5)
  A black bear (D:6)
  3 centaurs
  4 giant frogs
  3 scorpions
  2 crimson imps (D:5)
  Dowan (D:4)
  3 hounds
  A giant frog zombie (D:5)
  2 orc wizards
  An orc priest (D:4)
  A centaur skeleton (D:5)
  5 worker ants
  2 hound zombies
  Robin (D:4)
  3 gnolls
  20 adders
  5 river rats (Sewer)
  A shadow imp (D:6)
  A giant mite (D:3)
  A worm (D:3)
  2 adder skeletons
  3 giant geckos
  13 orcs
  9 ball pythons
  5 giant cockroaches
  8 hobgoblins
  14 jackals
  3 quokkas
  10 bats
  A giant cockroach zombie (D:6)
  A giant gecko skeleton (D:4)
  9 giant newts
  13 goblins
  A jackal skeleton (D:4)
  15 kobolds
  33 rats
207 creatures vanquished.

Vanquished Creatures (collateral kills)
  Eustachio (D:4)
  A water moccasin (D:4)
  Edmund (D:4)
  An orc warrior (D:5)
  A big kobold (D:5)
  3 orc priests
  2 orc wizards
  9 orcs
  3 kobolds (D:5)
22 creatures vanquished.

Vanquished Creatures (others)
  A neqoxec (D:7)
1 creature vanquished.

Grand Total: 230 creatures vanquished

Notes
Turn   | Place    | Note
--------------------------------------------------------------
     0 | D:1      | TIT, the Tengu Arcane Marksman, began the quest for the Orb.
     0 | D:1      | Reached XP level 1. HP: 12/12 MP: 2/2
   256 | D:1      | Reached XP level 2. HP: 10/16 MP: 2/4
   350 | D:1      | Reached skill level 3 in Bows
  1059 | D:2      | Found a shattered altar of Ashenzari.
  1225 | D:2      | Reached XP level 3. HP: 20/20 MP: 3/5
  1268 | D:2      | Reached skill level 4 in Bows
  1727 | D:3      | Reached skill level 5 in Bows
  1727 | D:3      | Reached XP level 4. HP: 17/25 MP: 2/6
  2002 | D:3      | Found a burning altar of Makhleb.
  2002 | D:3      | Noticed a balrug
  2007 | D:3      | Noticed an orange demon
  2007 | D:3      | Noticed a hellwing
  2009 | D:3      | Became a worshipper of Makhleb the Destroyer
  2043 | D:3      | Found a glowing drain.
  2056 | Sewer    | Entered a sewer
  2174 | Sewer    | Reached XP level 5. HP: 17/29 MP: 3/9
  2719 | Sewer    | Acquired Makhleb's first power
  2719 | Sewer    | Reached skill level 6 in Bows
  3340 | Sewer    | Reached XP level 6. HP: 34/34 MP: 8/10
  3474 | Sewer    | Acquired Makhleb's second power
  3476 | Sewer    | Noticed a giant frog
  3477 | Sewer    | Noticed a giant frog
  3544 | Sewer    | Reached skill level 7 in Bows
  3774 | Sewer    | Killed a giant frog
  3838 | Sewer    | Killed a giant frog
  4362 | D:4      | Noticed Menkaure
  4434 | D:4      | Noticed Edmund
  4591 | D:4      | Noticed Eustachio
  4681 | D:4      | Reached skill level 8 in Bows
  4681 | D:4      | Reached XP level 7. HP: 27/38 MP: 11/11
  4726 | D:4      | Noticed Duvessa
  4766 | D:5      | Entered Level 5 of the Dungeon
  5135 | D:5      | Reached skill level 9 in Bows
  6214 | D:4      | Found an opulent altar of Gozag.
  6226 | D:4      | Reached XP level 8. HP: 43/43 MP: 10/13
  6321 | D:4      | Noticed Dowan
  6339 | D:4      | Killed Dowan
  6339 | D:4      | Reached skill level 10 in Bows
  6464 | D:4      | Reached skill level 1 in Maces & Flails
  6517 | D:4      | Noticed Robin
  6581 | D:4      | Killed Robin
  6599 | D:4      | Acquired Makhleb's third power
  6790 | D:4      | Killed Eustachio
  7221 | D:4      | Killed Edmund
  7221 | D:4      | Reached skill level 5 in Maces & Flails
  7570 | D:5      | Found a white marble altar of Elyvilon.
  7712 | D:5      | Found a staircase to the Ecumenical Temple.
  8459 | D:5      | Reached XP level 9. HP: 28/47 MP: 12/14
  9496 | D:5      | Noticed a smoke demon
  9915 | D:6      | Found a deep blue altar of Sif Muna.
 10591 | D:6      | Acquired Makhleb's fourth power
 10883 | D:6      | You fall through a shaft for 3 floors!
 10944 | D:8      | Slain by a wyvern

Action                   |  1- 3 |  4- 6 |  7- 9 || total
-------------------------+-------+-------+-------++-------
Melee: Unarmed           |       |    45 |    33 ||    78
       Flail             |       |       |   232 ||   232
       Mace              |       |       |    26 ||    26
 Fire: Shortbow          |    77 |   181 |   200 ||   458
 Cast: Corona            |    24 |    49 |    29 ||   102
Invok: Minor Destruction |       |     3 |     2 ||     5
       Lesser Servant of |       |       |    13 ||    13
 Abil: Fly               |       |    11 |     3 ||    14
Evoke: Lamp of fire (ine |       |       |     1 ||     1
  Use: Scroll            |     5 |     2 |    16 ||    23
       Potion            |       |     2 |    10 ||    12
  Eat: Chunk             |     3 |     9 |    17 ||    29
       Bread ration      |       |     1 |     1 ||     2
       Beef jerky        |       |       |     1 ||     1
